Cogmind - Beta 17.1 @@@ ROGUE MODE // 2026.08.31 @ 23:28:58 Player: TheSkyeDoctor Result: Destroyed by B-75 Beast with Magnetic Acceleration Cannon Performance ------------- Evolutions (4) 2000 Regions Visited (8) 1600 Robots Destroyed (97) 485 Value Destroyed (2161) 2161 Prototype IDs (5) 100 Alien Tech Used (0) 0 Bonus (49) 49 TOTAL SCORE: 6395 Bonus ------- Follower Combat Kills 49 Cogmind --------- Core Integrity 0/850 Matter 275/300 Energy 82/265 System Corruption 1% Temperature Cool (12) Movement Rolling (138) Ox3 Location -6/Lower Caves Parts ------- > --- POWER (1) -------- Improved Ion Engine > --- PROPULSION (4) --- Wheel Compact Wheel Compact Wheel > --- UTILITY (6) ------ Cargo Storage Unit Advanced Targeting Computer Target Analyzer Improved Remote Force Field Hacking Suite > --- WEAPON (4) ------- (None) > --- INVENTORY (30) --- Advanced Heat Sink Small Storage Unit Large Matter Pod (150) Advanced Weight Redist. System Machine Analyzer Improved Sensor Array Improved Signal Interpreter Advanced Terrain Scanner Advanced Terrain Scanner Seismic Detector Advanced Targeting Computer Advanced ECM Suite Propulsion Shielding Improved Remote Force Field Bomb Factory No. 2 Plasma Cannon Compact Ion Cannon Compact Ion Cannon Coil Gun Mini Grenade Launcher Improved Datajack Power Maul Makeshift Axe GAL Module Peak State ------------ > --- POWER ------------ Cold Fusion Reactor > --- PROPULSION ------- Compact Wheel Compact Wheel Compact Wheel Compact Wheel > --- UTILITY ---------- Cargo Storage Unit Advanced Targeting Computer Target Analyzer Propulsion Shielding Hacking Suite > --- WEAPON ----------- Improved EM Pulse Cannon Coil Gun Coil Gun Makeshift Axe > --- INVENTORY -------- Improved Ion Engine Wheel Compact Wheel Compact Wheel Advanced Heat Sink Small Storage Unit Large Matter Pod Advanced Weight Redist. System Machine Analyzer Improved Sensor Array Improved Signal Interpreter Advanced Terrain Scanner Advanced Terrain Scanner Seismic Detector Advanced Targeting Computer Advanced ECM Suite Propulsion Shielding Improved Remote Force Field Improved Remote Force Field Bomb Factory No. 2 Plasma Cannon Compact Ion Cannon Compact Ion Cannon Coil Gun Mini Grenade Launcher Improved Datajack Makeshift Spear CR-A16's Pointy Stick GAL Module [Rating: 51] Favorites ----------- Power Heavy Ion Engine Engine Heavy Ion Engine Reactor Cold Fusion Reactor Propulsion Wheel Treads Light Treads Wheel Wheel Utility Cargo Storage Unit Device Advanced Terrain Scanner Storage Cargo Storage Unit Processor Advanced Targeting Computer Hackware Hacking Suite Protection Propulsion Shielding Weapon Improved Light Cannon Energy Gun Medium Laser Energy Cannon Beam Cannon Ballistic Gun Assault Rifle Ballistic Cannon Improved Light Cannon Launcher Mini Grenade Launcher Slashing Weapon Makeshift Axe Piercing Weapon CR-A16's Pointy Stick Build | -11 -10 -10 -9 -9 -7 -6 -6 -6 ------- Run | Yrd Mat Min Mat Min Zio Pro Fac Low Slots Evolved 8 | . . . 2 . . . 6 . Power . | . . . . . . . . . Propulsion 2 | . . . 2 . . . . . Utility 4 | . . . . . . . 4 . Weapon 2 | . . . . . . . 2 . Parts Attached 70 | 7 5 . 22 . . 3 27 6 Power 8 | 1 . . 2 . . . 5 . Engine 7 | 1 . . 2 . . . 4 . Core . | . . . . . . . . . Reactor 1 | . . . . . . . 1 . Propulsion 31 | 2 2 . 17 . . 2 5 3 Treads 5 | 2 . . 3 . . . . . Leg . | . . . . . . . . . Wheel 26 | . 2 . 14 . . 2 5 3 Hover . | . . . . . . . . . Flight . | . . . . . . . . . Utility 10 | 2 1 . . . . . 6 1 Device 3 | 1 . . . . . . 1 1 Storage 2 | 1 1 . . . . . . . Processor 2 | . . . . . . . 2 . Hackware 1 | . . . . . . . 1 . Protection 2 | . . . . . . . 2 . Artifact . | . . . . . . . . . Weapon 21 | 2 2 . 3 . . 1 11 2 Energy Gun 3 | 1 . . . . . . 1 1 Energy Cannon 4 | . 1 . . . . . 3 . Ballistic Gun 8 | 1 1 . 1 . . . 5 . Ballistic Cannon 3 | . . . 2 . . . 1 . Launcher 1 | . . . . . . 1 . . Special Weapon . | . . . . . . . . . Impact Weapon . | . . . . . . . . . Slashing Weapon 1 | . . . . . . . 1 . Piercing Weapon 1 | . . . . . . . . 1 Special Melee Weapon . | . . . . . . . . . Unidentified Prototypes 5 | . . . 1 . . . 4 . Parts Lost 46 | . . . 18 . . 2 15 11 Power 5 | . . . 1 . . . 3 1 Propulsion 24 | . . . 13 . . 2 5 4 Utility 2 | . . . . . . . 1 1 Weapon 15 | . . . 4 . . . 6 5 Highest Loss Streak 9 | . . . 5 . . 2 9 9 To Critical Strikes . | . . . . . . . . . Average Backups 16 | 1 5 9 9 16 21 27 23 27 Power . | . 1 1 . 1 1 1 . . Propulsion 1 | . 1 4 1 3 3 1 1 2 Utility 8 | . 2 3 5 7 8 13 13 15 Weapon 5 | . . 1 2 5 8 10 8 7 Tool/Special . | . . . . . . . . . Unused Backups 21 | . . . 1 . . 1 2 17 Power . | . . . . . . . . . Propulsion 1 | . . . 1 . . . . . Utility 14 | . . . . . . 1 2 11 Weapon 5 | . . . . . . . . 5 Tool/Special 1 | . . . . . . . . 1 Average Slot Usage (%) 84 | . 89 85 81 88 88 87 81 87 Engine 8 | . 14 14 10 11 11 11 3 . Treads 5 | . 12 . 14 . . . . . Wheel 27 | . 14 28 23 44 44 43 19 24 Device 1 | . 5 . . . . . 3 . Storage 9 | . 14 14 11 11 11 11 6 6 Processor 2 | . . . . . . . 8 13 Hackware 1 | . . . . . . . 5 6 Protection 1 | . . . . . . . 6 5 Energy Gun 3 | . 8 . 4 . . . 3 4 Energy Cannon 2 | . 5 14 3 . . . 4 . Ballistic Gun 6 | . 14 14 7 . . . 8 11 Ballistic Cannon 8 | . . . 5 22 22 21 3 . Peak Build Rating 51 | 7 8 8 15 15 21 22 51 51 Average Rating 21 | 5 6 8 10 15 17 21 39 48 On Entrance 16 | . 7 8 8 15 15 21 22 51 Avg Prop Armor Cover (%) 20 | . . . 20 . . . . . Naked Turns . | . . . . . . . . . Heaviest Build 173 | 12 148 148 156 156 156 156 173 173 Greatest Support 80 | 40 40 20 80 40 40 40 64 64 Greatest Overweight (x) 14 | . 14 7 14 3 3 3 9 4 Average Overweight (x) 3 | . 4 7 3 3 3 3 3 2 Largest Inventory Capacity 30 | 8 30 30 30 30 30 30 30 30 Average Capacity 28 | 7 20 30 30 30 30 30 30 30 Most Carried 30 | 3 9 10 17 16 29 30 30 30 Average Carried 17 | 1 5 9 9 16 22 29 25 28 Final Capacity 30 | 8 30 30 30 30 30 30 30 30 Final Carried 30 | 3 9 10 16 16 29 30 30 25 Class Distribution -------------------- 68% | Hauler-Mutant 20% | Hauler-Gunner 8% | Mutant Dominant Class ---------------- Hauler-Mutant | -10/Materials Hauler-Mutant | -10/Mines Hauler-Mutant | -9/Materials Hauler-Mutant | -9/Mines Hauler-Mutant | -7/Zion Hauler-Mutant | -6/Proximity Caves Hauler-Gunner | -6/Factory Hauler-Gunner | -6/Lower Caves Resources | -11 -10 -10 -9 -9 -7 -6 -6 -6 ----------- Run | Yrd Mat Min Mat Min Zio Pro Fac Low Matter Collected 2134 | 289 104 . 818 . 59 102 635 127 Remotely . | . . . . . . . . . Salvage Created 3751 | 143 188 . 1890 . . 135 1015 380 Parts 196 | 11 20 . 101 . . 8 41 15 Haulers Intercepted 3 | . 1 . 2 . . . . . Recyclers Shooed 11 | 2 . . 4 . . . 5 . Parts Field Recycled . | . . . . . . . . . Retrieved Matter . | . . . . . . . . . Parts Self-Destructed 19 | . . . . . . 7 . 12 Prevented 3 | . . . . . . . . 3 Parts Restored . | . . . . . . . . . Kills | -11 -10 -10 -9 -9 -7 -6 -6 -6 ------- Run | Yrd Mat Min Mat Min Zio Pro Fac Low Combat Hostiles Destroyed 50 | . 1 . 25 . . 5 11 8 Melee 3 | . . . . . . . 3 . Guns 27 | . . . 14 . . . 6 7 Cannons 18 | . 1 . 11 . . 3 2 1 AOE 2 | . . . . . . 2 . . Classes Destroyed 12 | 3 4 . 3 . . 1 . 1 Worker 20 | 1 1 . 15 . . . 3 . Builder 1 | . 1 . . . . . . . Tunneler 6 | 2 1 . 2 . . . 1 . Hauler 3 | . 1 . 2 . . . . . Recycler 13 | 1 . . 9 . . . 3 . Watcher 4 | . 1 . 3 . . . . . Swarmer 14 | . . . 7 . . 3 . 4 Grunt 19 | . 1 . 11 . . . 5 2 Brawler 2 | . . . 2 . . . . . Duelist 1 | . . . . . . . . 1 Sentry 10 | . . . 5 . . 1 3 1 Programmer 4 | . . . . . . 1 3 . Best Kill Streak 7 | 2 2 . 5 . . 3 4 7 Combat Bots Only 7 | . 1 . 5 . . 3 4 7 Max Kills in Single Turn 2 | 1 2 . 2 . . 2 1 2 Gunslinging 1 | . . . 1 . . . . . Exploded 2 | . . . . . . 2 . . Melee 1 | . . . . . . . 1 . Uniques/NPCs Destroyed . | . . . . . . . . . Combat | -11 -10 -10 -9 -9 -7 -6 -6 -6 -------- Run | Yrd Mat Min Mat Min Zio Pro Fac Low Hostile Shots Fired 518 | . 1 . 198 . . 44 158 117 Missed 142 | . 1 . 48 . . 20 44 29 Hits 376 | . . . 150 . . 24 114 88 Melee 14 | . . . 12 . . . . 2 Projectile 362 | . . . 138 . . 24 114 86 Critical Strikes 7 | . . . 2 . . . . 5 Actively Blocked 1 | . . . . . . . . 1 Damage Taken 5341 | . . . 1894 . . 297 1389 1761 Core 1212 | . . . 309 . . 34 266 603 Absorbed by Shields . | . . . . . . . . . Redirected to Shielding 108 | . . . . . . . 65 43 Core Remaining (%) 71 | 100 . 100 . . . 14 . . Volleys Fired 296 | 19 18 . 182 . 1 16 46 14 Largest 4 | 2 2 . 2 . 2 2 4 3 Hottest 179 | 70 80 . 83 . 66 66 179 129 Shots Fired 579 | 36 36 . 326 . 2 32 109 38 Gun 361 | 36 27 . 186 . . . 81 31 Cannon 216 | . 9 . 140 . 2 30 28 7 Launcher 2 | . . . . . . 2 . . Special . | . . . . . . . . . Kinetic 381 | 19 18 . 199 . 2 30 85 28 Thermal 185 | 17 18 . 127 . . . 20 3 Explosive 2 | . . . . . . 2 . . Electromagnetic 11 | . . . . . . . 4 7 Robot Hit Streak 14 | 4 7 . 14 . . 3 13 10 Robot Miss Streak 7 | 4 7 . 5 . . 3 5 2 Penetration Max 2 | . . . . . . . 1 2 Secondary Targets 1 | . . . 1 . . . . . Max Gunslinging Chain 1 | . . . 1 . . . . . Shots Hit Robots 358 | 17 13 . 196 . . 18 85 29 Core Hits 160 | 7 8 . 78 . . 11 42 14 Critical Kills 1 | . . . . . . . . 1 Critical Parts Destroyed . | . . . . . . . . . Critical Strikes 17 | 1 . . 14 . . 1 . 1 Burn 9 | 1 . . 8 . . . . . Destroy 1 | . . . . . . . . 1 Blast 7 | . . . 6 . . 1 . . Melee Attacks 27 | . . . . . . . 17 10 Impact . | . . . . . . . . . Slashing 17 | . . . . . . . 17 . Piercing 10 | . . . . . . . . 10 Sneak Attacks 5 | . . . . . . . 5 . Combat Hostiles . | . . . . . . . . . Follow-up Attacks . | . . . . . . . . . Damage Inflicted 6718 | 187 190 . 2831 . . 479 2263 768 Guns 3370 | 187 137 . 1309 . . . 1265 472 Cannons 2354 | . 53 . 1474 . . 328 368 131 Explosions 151 | . . . . . . 151 . . Melee 795 | . . . . . . . 630 165 Ramming 48 | . . . 48 . . . . . Kinetic 3595 | 76 100 . 1525 . . 328 1151 415 Thermal 1933 | 111 90 . 1258 . . . 417 57 Explosive 151 | . . . . . . 151 . . Electromagnetic 196 | . . . . . . . 65 131 Impact . | . . . . . . . . . Slashing 630 | . . . . . . . 630 . Piercing 165 | . . . . . . . . 165 Highest Corruption 12 | . 1 1 12 12 12 . 1 1 Average Corruption 4 | . 1 1 8 12 12 . 1 1 Corruption Purged . | . . . . . . . . . Corruption Blocked . | . . . . . . . . . Effects 35 | . 1 1 22 3 2 . 1 5 Message Errors 7 | . . 1 3 1 . . . 2 Matter Fused 5 | . . . 5 . . . . . Heat Flow Errors 4 | . . . 4 . . . . . Energy Discharges 4 | . . . 2 . . . 1 1 Parts Rejected 1 | . . . 1 . . . . . Data Loss (minor) 8 | . 1 . 3 2 1 . . 1 Misfires 3 | . . . 2 . . . . 1 Alerts 1 | . . . . . 1 . . . Weapon Failures 2 | . . . 2 . . . . . Overload Shots . | . . . . . . . . . Overflow Damage 218 | . . . 16 . . 26 176 . Projectiles 16 | . . . 16 . . . . . Explosions 26 | . . . . . . 26 . . Melee 176 | . . . . . . . 176 . Knockbacks 12 | . . . 7 . . 2 3 . Impact . | . . . . . . . . . Kinetic 12 | . . . 7 . . 2 3 . Secondary . | . . . . . . . . . Self-Inflicted Damage 24 | . . . 24 . . . . . Shots . | . . . . . . . . . Rammed 1 | . . . 1 . . . . . Targets Rammed 1 | . . . 1 . . . . . Kicked . | . . . . . . . . . Crushed . | . . . . . . . . . Highest Temperature 395 | 80 72 . 273 . . 12 395 285 Average Temperature 65 | 33 21 . 46 . . 12 187 60 Received Heat Transfer 1663 | . . . 549 . . 24 501 589 Effects 1 | . . . . . . . 1 . Energy Bleed 1 | . . . . . . . 1 . Siege Activations . | . . . . . . . . . Martial Activations . | . . . . . . . . . Shielding Activations . | . . . . . . . . . Robots Disrupted . | . . . . . . . . . Combat Hostiles . | . . . . . . . . . Robots Corrupted . | . . . . . . . . . Combat Hostiles . | . . . . . . . . . Parts Fried . | . . . . . . . . . Impact Corruptions . | . . . . . . . . . Robots Melted . | . . . . . . . . . Combat Hostiles . | . . . . . . . . . Parts Melted 8 | . . . 7 . . . 1 . Heat Transferred 5449 | 407 222 . 3811 . . . 898 111 Parts Sabotaged . | . . . . . . . . . Parts Stolen . | . . . . . . . . . Parts Stripped . | . . . . . . . . . Power Chain Reactions . | . . . . . . . . . Alert | -11 -10 -10 -9 -9 -7 -6 -6 -6 ------- Run | Yrd Mat Min Mat Min Zio Pro Fac Low Maximum Alert Level . | . . . . . . . . . Low Security (%) 100 | 100 100 100 100 100 . . 100 . Level 1 . | . . . . . . . . . Level 2 . | . . . . . . . . . Level 3 . | . . . . . . . . . Level 4 . | . . . . . . . . . Level 5 . | . . . . . . . . . High Security . | . . . . . . . . . Max Security . | . . . . . . . . . Peak Influence 157 | 5 25 . 157 . . . 75 . Initial 36 | . . . . . . . 36 . Average 40 | . 2 . 74 . . . 27 . Influence Increases 1711 | 20 77 . 831 . . 162 441 180 Destroy 0b10 Robot/C 1020 | . 20 . 500 . . 120 220 160 Destroy 0b10 Robot/NC 235 | 20 25 . 155 . . . 35 . Destroy Leader 244 | . 4 . 120 . . 30 70 20 Allied During Kill 12 | . . . . . . 12 . . Successful Hack 38 | . 12 . 5 . . . 21 . Disable Machine 45 | . . . 30 . . . 15 . Destroy Structure 12 | . 1 . 6 . . . 5 . Partial Spotted 15 | . . . . . . . 15 . Lose Combat Pursuer 90 | . 15 . 15 . . . 60 . Influence Decreases 1711 | 20 77 . 831 . . 104 433 246 Entered New Map 47 | . . . . . . . 22 25 Time Decay 1177 | 20 77 . 530 . . 79 291 180 Lost Part 341 | . . . 180 . . . 120 41 Lost Ally 25 | . . . . . . 25 . . Purge Threat 121 | . . . 121 . . . . . Squads Dispatched 6 | . . . 2 . . . 4 . Investigation 1 | . . . . . . . 1 . Extermination 3 | . . . . . . . 3 . Reinforcement 2 | . . . 2 . . . . . Assault . | . . . . . . . . . Garrison . | . . . . . . . . . Intercept . | . . . . . . . . . Searches Triggered . | . . . . . . . . . Construction Impeded . | . . . . . . . . . Haulers Reinforced . | . . . . . . . . . Active Scanning Responses . | . . . . . . . . . Cargo Convoy Interrupts . | . . . . . . . . . Stealth | -11 -10 -10 -9 -9 -7 -6 -6 -6 --------- Run | Yrd Mat Min Mat Min Zio Pro Fac Low Distress Signals 4 | . 1 . 3 . . . . . Communications Jammed . | . . . . . . . . . Distress Signals . | . . . . . . . . . Times Spotted 67 | . 4 . 34 . . 6 14 9 Peak Tracking Total 6 | . 1 . 6 . . 3 6 4 Tactical Retreats 4 | . 1 . 1 . . . 2 . Traps | -11 -10 -10 -9 -9 -7 -6 -6 -6 ------- Run | Yrd Mat Min Mat Min Zio Pro Fac Low Traps Triggered 9 | . 1 . 5 . . . 3 . Indirectly . | . . . . . . . . . Trap Hack Attempts . | . . . . . . . . . Triggered . | . . . . . . . . . Disarmed . | . . . . . . . . . Reprogrammed . | . . . . . . . . . Reused . | . . . . . . . . . Traps Extracted . | . . . . . . . . . Installed . | . . . . . . . . . Triggered . | . . . . . . . . . Machines | -11 -10 -10 -9 -9 -7 -6 -6 -6 ---------- Run | Yrd Mat Min Mat Min Zio Pro Fac Low Machines Disabled 3 | . . . 2 . . . 1 . Max in Single Turn 1 | . . . 1 . . . 1 . Machines Repaired . | . . . . . . . . . Machines Dismantled . | . . . . . . . . . Machines Sabotaged . | . . . . . . . . . Overloaded Fab Kills . | . . . . . . . . . Hacking | -11 -10 -10 -9 -9 -7 -6 -6 -6 --------- Run | Yrd Mat Min Mat Min Zio Pro Fac Low Machines Accessed 10 | . 2 . 5 . . . 3 . Terminals 9 | . 2 . 5 . . . 2 . Fabricators 1 | . . . . . . . 1 . Repair Stations . | . . . . . . . . . Recycling Units . | . . . . . . . . . Scanalyzers . | . . . . . . . . . Garrison Access . | . . . . . . . . . Total Hacks 23 | . 4 . 12 . . . 7 . Successful 11 | . 3 . 4 . . . 4 . Failed 12 | . 1 . 8 . . . 3 . Catastrophic 4 | . 1 . 2 . . . 1 . Database Lockouts . | . . . . . . . . . Manual 18 | . 4 . 10 . . . 4 . Terminals 20 | . 4 . 12 . . . 4 . Fabricators 3 | . . . . . . . 3 . Repair Stations . | . . . . . . . . . Recycling Units . | . . . . . . . . . Scanalyzers . | . . . . . . . . . Garrison Access . | . . . . . . . . . Terminal Hacks 4 | . 1 . 2 . . . 1 . Branch Access Points 3 | . 1 . 1 . . . 1 . Unreport Threat 1 | . . . 1 . . . . . Fabricator Hacks 1 | . . . . . . . 1 . Build 1 | . . . . . . . 1 . Repair Station Hacks . | . . . . . . . . . Recycling Unit Hacks . | . . . . . . . . . Scanalyzer . | . . . . . . . . . Garrison Access Hacks . | . . . . . . . . . Unauthorized Hacks 6 | . 2 . 2 . . . 2 . Terminals 6 | . 2 . 2 . . . 2 . Botnet 6 | . 2 . 2 . . . 2 . Fabricators . | . . . . . . . . . Repair Stations . | . . . . . . . . . Recycling Units . | . . . . . . . . . Scanalyzers . | . . . . . . . . . Garrison Access . | . . . . . . . . . Data Cores Recovered . | . . . . . . . . . Used . | . . . . . . . . . Hacking Detections 8 | . 1 . 5 . . . 2 . Full Trace Events . | . . . . . . . . . Feedback Events . | . . . . . . . . . Feedback Blocked . | . . . . . . . . . Robot Schematics Acquired 4 | . . . . . 4 . . . Robots Built . | . . . . . . . . . Authchips . | . . . . . . . . . Time . | . . . . . . . . . Total Robot Build Rating . | . . . . . . . . . Part Schematics Acquired 15 | . . . . . 15 . . . Parts Built 2 | . . . . . . . 2 . Authchips . | . . . . . . . . . Time 117 | . . . . . . . 117 . Total Part Build Rating 14 | . . . . . . . 14 . Part Studies Acquired . | . . . . . . . . . Parts Repaired . | . . . . . . . . . Time . | . . . . . . . . . Parts Recycled . | . . . . . . . . . Recycled Matter . | . . . . . . . . . Retrieved Matter . | . . . . . . . . . Retrieved Components . | . . . . . . . . . Parts Scanalyzed . | . . . . . . . . . Part Schematics Acquired . | . . . . . . . . . Parts Damaged . | . . . . . . . . . Bothacking | -11 -10 -10 -9 -9 -7 -6 -6 -6 ------------ Run | Yrd Mat Min Mat Min Zio Pro Fac Low Used RIF Installer . | . . . . . . . . . Robots Hacked . | . . . . . . . . . Non-combat . | . . . . . . . . . Combat . | . . . . . . . . . Robot Hacks Applied . | . . . . . . . . . Relay Couplers Released . | . . . . . . . . . Fabnet Peak Effective % . | . . . . . . . . . Robots Rewired . | . . . . . . . . . Allies Hacked . | . . . . . . . . . Hacks Repelled . | . . . . . . . . . Allies | -11 -10 -10 -9 -9 -7 -6 -6 -6 -------- Run | Yrd Mat Min Mat Min Zio Pro Fac Low Total Allies 3 | . . . . 3 . . . . Largest Group 3 | . . . . 3 3 3 1 . Highest-Rated Group 40 | . . . . 40 40 40 16 . Highest-Rated Ally 16 | . . . . 16 16 16 16 . Total Orders . | . . . . . . . . . Ally Attacks 13 | . . . . . . 11 2 . Total Damage 109 | . . . . . . 109 . . Kills 1 | . . . . . . 1 . . Allies Corrupted . | . . . . . . . . . Allies Melted . | . . . . . . . . . Intel | -11 -10 -10 -9 -9 -7 -6 -6 -6 ------- Run | Yrd Mat Min Mat Min Zio Pro Fac Low Active Infowar (turns) 1074 | 34 291 . . . . . 749 . Terrain 749 | . . . . . . . 749 . Seismic 325 | 34 291 . . . . . . . Robot Analysis Total . | . . . . . . . . . Derelict Logs Recovered 4 | . . . . . 1 1 . 2 Drone Launches . | . . . . . . . . . Drone Recoveries . | . . . . . . . . . Exploration | -11 -10 -10 -9 -9 -7 -6 -6 -6 ------------- Run | Yrd Mat Min Mat Min Zio Pro Fac Low Turns Passed 6132 | 212 704 74 1702 59 1219 436 1298 428 Spaces Moved 3355 | 94 350 40 670 48 964 301 630 258 Core 4 | 4 . . . . . . . . Treads 416 | 90 167 . 159 . . . . . Legs . | . . . . . . . . . Wheels 2935 | . 183 40 511 48 964 301 630 258 Hover . | . . . . . . . . . Flight . | . . . . . . . . . Fastest Speed 50 | 50 160 185 125 125 125 125 130 130 Average Speed 145 | 155 181 185 167 125 125 125 149 130 Slowest Speed 400 | 160 400 185 400 125 125 125 235 160 Overloaded Moves . | . . . . . . . . . Propulsion Burnouts . | . . . . . . . . . Robots Hopped . | . . . . . . . . . Potential Cave-ins . | . . . . . . . . . Cave-ins Triggered . | . . . . . . . . . Exploration Rate (%) 35 | 6 38 14 63 9 82 53 15 40 Regions Visited 8 Branch Regions 5 Pre-discovered Areas 3 | . . . . . 2 1 . . Known Exits Taken 3 | . 1 . 1 . . . 1 . Unknown Exits Taken 5 | 1 . 1 . 1 1 1 . . Scrap Searched 7 | . . . . . 3 3 . 1 Spaces Dug 3 | . . . . . . . 3 . Terrain Destroyed 23 | . . . 2 . . 14 6 1 Melee 3 | . . . . . . . 3 . Projectile 5 | . . . 2 . . . 3 . AOE 14 | . . . . . . 14 . . Terrain Rammed . | . . . . . . . . . Walls Destroyed . | . . . . . . . . . Machines Disabled . | . . . . . . . . . Actions | -11 -10 -10 -9 -9 -7 -6 -6 -6 --------- Run | Yrd Mat Min Mat Min Zio Pro Fac Low Total 4020 | 124 382 40 931 47 976 329 893 298 Wait 155 | 2 1 . 17 . . 3 125 7 Move 3347 | 93 349 39 669 47 963 300 629 258 Hop . | . . . . . . . . . Pick Up 64 | 3 4 1 20 . 12 5 18 1 Fast Attach 38 | 7 2 . 18 . . . 10 1 Attach 40 | . 1 . 15 . . 2 17 5 Detach 12 | . 3 . 4 . . . 5 . Swap 8 | . 2 . 1 . . 1 3 1 Drop 16 | . 2 . 4 . . 2 7 1 Fire 296 | 19 18 . 182 . 1 16 46 14 Melee 27 | . . . . . . . 17 10 Ram 1 | . . . 1 . . . . . Kick . | . . . . . . . . . Crush . | . . . . . . . . . Escape Stasis 16 | . . . . . . . 16 . Rewire . | . . . . . . . . . Trap . | . . . . . . . . . Miscellaneous . | . . . . . . . . . Route ------- -11/Scrapyard -10/Materials (discovered 2 exits: *Mat / *Min) -10/Mines -9/Materials (discovered 3 exits: [*Mat x2] / *Min) -9/Mines -7/Zion -6/Proximity Caves -6/Factory (discovered 2 exits: *Low x2) -6/Lower Caves (discovered 1 exit: Low) History --------- Turn | Location | Event 7 | -11/Scrapyard | Discovered new exit (range 15) 213 | -11/Scrapyard | Entered Materials 308 | -10/Materials | Build established: Mutant 317 | -10/Materials | Discovered new exit (range 15) 418 | -10/Materials | Identified exit to Mines 816 | -10/Materials | Build established: Hauler-Mutant 917 | -10/Materials | Entered Mines 961 | -10/Mines | Discovered new exit (range 14) 991 | -10/Mines | Entered Materials 991 | -9/Materials | Evolved 2 slots: Propulsion x2 1186 | -9/Materials | Lost 4 parts (4n) 1595 | -9/Materials | Core integrity fell below 50% 1646 | -9/Materials | Lost 3 parts (1p2w) 1744 | -9/Materials | Lost 3 parts (3n) 1803 | -9/Materials | Discovered new exit (range 14) 2188 | -9/Materials | Identified exit to Mines 2226 | -9/Materials | System corruption reached 10% 2269 | -9/Materials | Lost 5 parts (3n2w) 2369 | -9/Materials | Discovered new exit (range 8) 2693 | -9/Materials | Entered Mines 2694 | -9/Mines | A Derelict revealed a hidden shortcut to a safe place 2731 | -9/Mines | Assisted by bots powering up and referring to "LRC-V3" 2752 | -9/Mines | Entered Zion 2752 | -7/Zion | Accompanied by 3 allies 2801 | -7/Zion | System corruption cleaned by Quarantine Array 2902 | -7/Zion | Discovered new exit (range 12) 3011 | -7/Zion | Found CR-A16's Pointy Stick 3104 | -7/Zion | Learned Factory terminal intel 3313 | -7/Zion | Learned location of Armory (-3) 3396 | -7/Zion | Found GAL Module 3464 | -7/Zion | Found Prototype Device 3690 | -7/Zion | Learned Factory emergency access door positions 3730 | -7/Zion | Given A8's code to call for help 3971 | -7/Zion | Entered Proximity Caves 3971 | -6/Proximity Caves | Accompanied by 3 allies 4135 | -6/Proximity Caves | Unaware initiated a cargo recovery operation 4136 | -6/Proximity Caves | Attracted the attention of an 0b10 checkpoint 4136 | -6/Proximity Caves | Core integrity fell below 20% 4380 | -6/Proximity Caves | Discovered new exit (range 15) 4407 | -6/Proximity Caves | Entered Factory 4407 | -6/Factory | Accompanied by 1 ally 4407 | -6/Factory | Evolved 6 slots: Utility x4, Weapon x2 4409 | -6/Factory | Loaded intel: 26 terminal locations 4616 | -6/Factory | Lost 5 parts (1p2n2w) 4879 | -6/Factory | Fabricated Imp. Remote Force Field (x2) 5079 | -6/Factory | Build established: Hauler-Gunner 5119 | -6/Factory | Identified exit to Lower Caves 5265 | -6/Factory | Lost 9 parts (2p3n1u3w) 5705 | -6/Factory | Entered Lower Caves 5709 | -6/Lower Caves | Identified exit to Lower Caves 5772 | -6/Lower Caves | Destroyed 7 combat bots 5788 | -6/Lower Caves | Attracted the attention of an 0b10 checkpoint 5970 | -6/Lower Caves | Learned 12 Factory zone layouts 5973 | -6/Lower Caves | Spotted B-75 Beast 6081 | -6/Lower Caves | Core integrity fell below 50% 6100 | -6/Lower Caves | Core integrity fell below 20% 6133 | -6/Lower Caves | Destroyed by B-75 Beast with Magnetic Acceleration Cannon Last Messages --------------- Data stored: Factory zone layouts (x12). 05973_ Critical hit (Meltdown: +310). 06031_ System corrupted: Energy discharge (-54). 06069_ Coil Gun destroyed. 06069_ Com. Wheel destroyed. 06077_ Knocked back. 06077_ Coil Gun destroyed. 06080_ Knocked back. 06086_ Propulsion Shielding destroyed. 06086_ Com. Wheel destroyed. 06086_ Knocked back. 06089_ Com. Wheel destroyed. 06092_ Hvy. Laser destroyed. 06092_ Knocked back. 06100_ System corrupted: Component data lost. 06110_ Cold Fusion Reactor destroyed. 06115_ CR-A16's Pointy Stick destroyed. 06121_ Knocked back. 06124_ Acquired 1 matter. 06127_ Acquired 4 matter. Map ----- +----------------------------------------------------+ | ?????????????????????????????????????????????????? | | ?????????????????????????????????????????????????? | | ?????????????????????????????????????????????????? | | ?????????????????????????????????????????????????? | | ?????????????????????????????????????????????????? | | ?????????????????????????????????????????????????? | | ?????????????????????????????????????????????????? | | ????????????? ???????????????????????????????????? | | ?????????????? ?????????????????????????????????? | | ?????????????? ????????????????? ??????????????? | | ??????????????# ????????????????# ??????????????? | | ??????????????# ???????????? ?? ??????????????? | | ??????????????# ????????????? ? ??????????????? | | ??????????????# ????????????? ## ??????????????? | | ????? ????## #????????????# ??????????????? | | ????? ## ###????????## ??????????????? | | ?????? ##???????# #??###????????? | | ??????????? #??????## #### ###??###?? | | ????????????????# #?####### ### ### | | ????????????????## #?# | | ?????????????????# #?# #?# | | ?????????????????# #??# #??" | | ?????????????????# ##??# %#### % #? | | ????????????????## ##???# % % #?? | | ????????????????# #####; BB ##?? | | ????????????????# @;; ;; BB ##??? | | ???????????###### %; % "" #???? | | ??????????## ## % #;"""" """" #??? | | ??????????# ## %#; ;""""" """# #?? | | ??????????# ######### " """ "## #? | | ??????????# ##??????# """"""" "## # | | ??????????# ##???????# """ "## | | ??????????## #???????## | | ??????????## #???????# | | ??????????# #???????# ############# | | ?????????## #???????# #????????????# | | ?????????# #####???# ##?????????????# | | ?????????## ### #### ####????????????? | | ??????????#### ###? ## """"??????????? | | ?????????????# #??? #?#" ""???????????? # | | ?????????????# #??? #??#"" "????????????## | | ?????????????# #??? #????# "#???####??????? | | ?????????????# #???# ## ????## "##??# #??????? | | ?????????????# #???# ### ???##"" "##?# #??????? | | ?????????????# ##### #?????## ## ### #??????? | | ?????????????# #????## ####???? | | ?????????????### ### #???## ##### | | ???????????????# #?# #???# ## # | | ???????????????# ?# ##### ##### | | ??????????????? ## #???## ## | +----------------------------------------------------+ Best States ------------- Heat Dissipation 37 Energy Generation 17 Energy Capacity 290 Matter Stores 300 Matter Capacity 300 Sight Range 16 Terrain Scan Range 20 Terrain Scan Density 10 Propulsion Shielding 33 Evasion (%) 40 Targeting Accuracy 8 Target Analysis 5 Recoil Reduction 4 Offensive Hacking 10 Item Schematics ----------------- Power Maul | -7/Zion | Archive Adv. Heat Sink | -7/Zion | Archive Launcher Guidance Computer | -7/Zion | Archive Hvy. Flak Cannon | -7/Zion | Archive Spear | -7/Zion | Archive Lgt. Fission Core | -7/Zion | Archive Microactuators | -7/Zion | Archive Mni. Drone Bay | -7/Zion | Archive Lrn. Proton Cannon | -7/Zion | Archive Hvy. Ion Cannon | -7/Zion | Archive Matter Compressor | -7/Zion | Archive Imp. Proton Missile Launcher | -7/Zion | Archive Xenon Bombardment Thruster | -7/Zion | Archive Imp. Medium Armor Plating | -7/Zion | Archive Arm. Leg | -7/Zion | Archive Robot Schematics ------------------ A-02 Transporter | -7/Zion | Archive G-73 Enforcer | -7/Zion | Archive M-28 Smith | -7/Zion | Archive K-01 Serf | -7/Zion | Archive Fabricated ------------ Imp. Remote Force Field | x2 | -6/Factory | Preloaded Repaired ---------- Nothing Studied --------- None Alien Tech Used ----------------- None Achievements -------------- None Challenges ------------ None Game ------ Seed NavigationExpertMembrane Manual? 0 Play Time 00:32:14 Cumulative 185.5 hours Start 2026.08.31 @ 22:56:46 End 2026.08.31 @ 23:28:58 Sessions 1 Manual Loads 0 Difficulty Rogue Special Mode None Game No. 369 Rogue 369 Adventurer 0 Explorer 0 Win Type - Total 2 Types 2/0/0/0/0/0/0/0/0/0 Lore% 59 Gallery% 60 Achievement% 47 Wizard Run 0 Options --------- Layout 2 ASCII 0 Keyboard 1 Movement Arrows Keybinds 0 Fullscreen 1 Font 24/Smallcaps Map View 50x44 Zoom Use 0% Tactical HUD 1 Map Filters NONE Filters NONE Steam 1 RUN: 9106c713-f218-4fda-8c02-6f9480ab93be